TOP OF THE 1ST |
Hollywood Shredders batting - Pitching for Athletic Club KC : RHP Bobby Bowles
|
Pitching: RHP Bobby Bowles
|
|
Batting: LHB Mitsuoki Sugimoto
|
0-0: Ground out U3 (Groundball, 3, EV 83.8 MPH)
|
Batting: RHB Miguel Bustamante
|
0-0: Ball 1-0: Ball 2-0: SOLO HOME RUN (Flyball, 7LD, EV 99.4 MPH), Distance : 361 ft
|
Batting: LHB Jorge Herrera
|
0-0: Ball 1-0: Ball 2-0: Called Strike 2-1: Called Strike 2-2: Ball 3-2: Ground out 4-3 (Groundball, 4, EV 85.6 MPH)
|
Batting: LHB Yamato Sato
|
0-0: Fly out, F9 (Line Drive, 89D, EV 93.8 MPH)
|
Top of the 1st over - 1 run, 1 hit, 0 errors, 0 left on base; Hollywood 1 - Athletic Club KC 0 |
BOTTOM OF THE 1ST |
Athletic Club KC batting - Pitching for Hollywood Shredders : RHP Van Hileman
|
Pitching: RHP Van Hileman
|
|
Batting: LHB Ethan Duffy
|
0-0: Called Strike 0-1: Ball 1-1: Called Strike 1-2: Strikes out looking
|
Batting: LHB Gary Noke
|
0-0: Ball 1-0: Ground out 4-3 (Groundball, 34, EV 88.1 MPH)
|
Batting: LHB Arthur Witter
|
0-0: Called Strike 0-1: Fly out, F4 (Line Drive, 4, EV 73.1 MPH)
|
Bottom of the 1st over - 0 runs, 0 hits, 0 errors, 0 left on base; Hollywood 1 - Athletic Club KC 0 |
TOP OF THE 2ND |
Hollywood Shredders batting - Pitching for Athletic Club KC : RHP Bobby Bowles
|
Batting: RHB Jake White
|
0-0: Ball 1-0: Called Strike 1-1: SINGLE (Flyball, 89S, EV 86.9 MPH)
|
Batting: LHB Trent Brown
|
0-0: Called Strike 0-1: Foul Ball, location: 2F 0-2: SINGLE (Groundball, 2L, EV 64.4 MPH) (infield hit) Jake White to second
|
Batting: RHB Adrián Serrano
|
0-0: Grounds into double play, 6-4-3 (Groundball, 6, EV 82.5 MPH) Jake White to third
|
Batting: RHB Tom Smythe
|
0-0: Ball 1-0: Ground out 5-3 (Groundball, 56, EV 80.0 MPH)
|
Top of the 2nd over - 0 runs, 2 hits, 0 errors, 1 left on base; Hollywood 1 - Athletic Club KC 0 |
BOTTOM OF THE 2ND |
Athletic Club KC batting - Pitching for Hollywood Shredders : RHP Van Hileman
|
Batting: LHB Tony Wonder
|
0-0: Foul Ball, location: 2F 0-1: Foul Ball, location: 2F 0-2: Ball 1-2: Ball 2-2: Ball 3-2: Strikes out swinging
|
Batting: SHB Tosya Mndoyants
|
0-0: Ball 1-0: Ball 2-0: Called Strike 2-1: Swinging Strike 2-2: Foul Ball, location: 2F 2-2: Foul Ball, location: 2F 2-2: Foul Ball, location: 2F 2-2: Ball 3-2: Base on Balls
|
Batting: RHB Pedro Píaz
|
0-0: Ball 1-0: Called Strike 1-1: Fly out, F8 (Flyball, 78M, EV 92.5 MPH)
|
Batting: LHB Zhi-jun Ou-yang
|
0-0: Called Strike 0-1: Ball 1-1: Foul Ball, location: 2F 1-2: Ball 2-2: Ground out U3 (Groundball, 3, EV 97.5 MPH)
|
Bottom of the 2nd over - 0 runs, 0 hits, 0 errors, 1 left on base; Hollywood 1 - Athletic Club KC 0 |
TOP OF THE 3RD |
Hollywood Shredders batting - Pitching for Athletic Club KC : RHP Bobby Bowles
|
Batting: LHB Jon Kelly
|
0-0: SOLO HOME RUN (Line Drive, 89XD, EV 115.0 MPH), Distance : 420 ft
|
Batting: LHB Mitsuoki Sugimoto
|
0-0: Called Strike 0-1: DOUBLE (Line Drive, 3D, EV 97.5 MPH)
|
Batting: RHB Miguel Bustamante
|
0-0: Swinging Strike 0-1: Foul Ball, location: 2F 0-2: Strikes out swinging
|
Batting: LHB Jorge Herrera
|
0-0: Ball 1-0: Fly out, F8 (Line Drive, 8LD, EV 103.8 MPH)
|
Batting: LHB Yamato Sato
|
0-0: Ball 1-0: Foul Ball, location: 2F 1-1: Foul Ball, location: 2F 1-2: Fly out, F5 (Line Drive, 5, EV 65.0 MPH)
|
Top of the 3rd over - 1 run, 2 hits, 0 errors, 1 left on base; Hollywood 2 - Athletic Club KC 0 |
BOTTOM OF THE 3RD |
Athletic Club KC batting - Pitching for Hollywood Shredders : RHP Van Hileman
|
Batting: RHB Johan Møller
|
0-0: Called Strike 0-1: Swinging Strike 0-2: Strikes out looking
|
Batting: RHB Banu Judham
|
0-0: Ball 1-0: Swinging Strike 1-1: SINGLE (Line Drive, 4MD, EV 97.5 MPH)
|
Batting: LHB Ethan Duffy
|
0-0: Foul Ball, location: 2F 0-1: Ball 1-1: Foul Ball, location: 2F 1-2: Ball 2-2: Fly out, F7 (Flyball, 7S, EV 85.6 MPH)
|
Batting: LHB Gary Noke
|
0-0: Called Strike 0-1: Ball 1-1: Foul Ball, location: 2F 1-2: Ball 2-2: Ball Banu Judham steals 2nd base 3-2: Fly out, F4 (Line Drive, 4, EV 63.8 MPH)
|
Bottom of the 3rd over - 0 runs, 1 hit, 0 errors, 1 left on base; Hollywood 2 - Athletic Club KC 0 |
TOP OF THE 4TH |
Hollywood Shredders batting - Pitching for Athletic Club KC : RHP Bobby Bowles
|
Batting: RHB Jake White
|
0-0: Fly out, F7 (Flyball, 78S, EV 83.1 MPH)
|
Batting: LHB Trent Brown
|
0-0: Hit by Pitch
|
Batting: RHB Adrián Serrano
|
0-0: Fly out, F8 (Flyball, 8LXD, EV 103.1 MPH)
|
Batting: RHB Tom Smythe
|
0-0: Ball 1-0: Foul Ball, location: 2F 1-1: Ball 2-1: DOUBLE (Popup, 5D, EV 55.6 MPH) Trent Brown to third
|
Batting: LHB Jon Kelly
|
0-0: Ball 1-0: Ball 2-0: Foul Ball, location: 2F 2-1: Foul Ball, location: 2F 2-2: Fly out, F9 (Flyball, 9LM, EV 73.8 MPH)
|
Top of the 4th over - 0 runs, 1 hit, 0 errors, 2 left on base; Hollywood 2 - Athletic Club KC 0 |
BOTTOM OF THE 4TH |
Athletic Club KC batting - Pitching for Hollywood Shredders : RHP Van Hileman
|
Batting: LHB Arthur Witter
|
0-0: Ball 1-0: Foul Ball, location: 2F 1-1: SINGLE (Groundball, 3S, EV 72.5 MPH) (infield hit)
|
Batting: LHB Tony Wonder
|
0-0: Ball 1-0: Ball 2-0: Called Strike 2-1: Fly out, F7 (Flyball, 7, EV 76.9 MPH)
|
Batting: SHB Tosya Mndoyants
|
0-0: Ball 1-0: Called Strike 1-1: Foul Ball, location: 2F 1-2: Foul Ball, location: 2F 1-2: Ball 2-2: Ball 3-2: Ground out 5-3 (Groundball, 56S, EV 81.2 MPH) Arthur Witter to second
|
Batting: RHB Pedro Píaz
|
0-0: Called Strike 0-1: Ground out 5-3 (Groundball, 56S, EV 65.6 MPH)
|
Bottom of the 4th over - 0 runs, 1 hit, 0 errors, 1 left on base; Hollywood 2 - Athletic Club KC 0 |
TOP OF THE 5TH |
Hollywood Shredders batting - Pitching for Athletic Club KC : RHP Bobby Bowles
|
Batting: LHB Mitsuoki Sugimoto
|
0-0: Called Strike 0-1: Foul Ball, location: 2F 0-2: Ball 1-2: Ball 2-2: Ground out 1-3 (Groundball, 13S, EV 70.6 MPH)
|
Batting: RHB Miguel Bustamante
|
0-0: Ball 1-0: SINGLE (Line Drive, 4M, EV 97.5 MPH)
|
Batting: LHB Jorge Herrera
|
0-0: Called Strike 0-1: Fly out, F7 (Flyball, 7LSF, EV 76.2 MPH)
|
Batting: LHB Yamato Sato
|
0-0: Ball 1-0: Foul Ball, location: 2F 1-1: Foul Ball, location: 2F 1-2: Ball 2-2: Ground out 1-3 (Groundball, 13, EV 76.2 MPH)
|
Top of the 5th over - 0 runs, 1 hit, 0 errors, 1 left on base; Hollywood 2 - Athletic Club KC 0 |
BOTTOM OF THE 5TH |
Athletic Club KC batting - Pitching for Hollywood Shredders : RHP Van Hileman
|
Batting: LHB Zhi-jun Ou-yang
|
0-0: SINGLE (Groundball, 56D, EV 105.0 MPH) (infield hit)
|
Batting: RHB Johan Møller
|
0-0: Ball 1-0: Foul Ball, location: 2F 1-1: Bunted foul 1-2: Grounds into double play, 5-4-3 (Groundball, 5, EV 104.4 MPH)
|
Batting: RHB Banu Judham
|
0-0: Ball 1-0: DOUBLE (Line Drive, 89D, EV 109.4 MPH)
|
Batting: LHB Ethan Duffy
|
0-0: Ball Wild Pitch! Banu Judham to third 1-0: Ball 2-0: Ball 3-0: Called Strike 3-1: Called Strike 3-2: Foul Ball, location: 2F 3-2: Ground out 1-3 (Groundball, 15S, EV 72.5 MPH)
|
Bottom of the 5th over - 0 runs, 2 hits, 0 errors, 1 left on base; Hollywood 2 - Athletic Club KC 0 |
TOP OF THE 6TH |
Hollywood Shredders batting - Pitching for Athletic Club KC : RHP Bobby Bowles
|
Batting: RHB Jake White
|
0-0: Foul Ball, location: 2F 0-1: Ball 1-1: Swinging Strike 1-2: Ground out 5-3 (Groundball, 5, EV 83.8 MPH)
|
Batting: LHB Trent Brown
|
0-0: Ball 1-0: DOUBLE (Line Drive, 78D, EV 102.5 MPH)
|
Batting: RHB Adrián Serrano
|
0-0: Called Strike 0-1: DOUBLE (Line Drive, 8LXD, EV 109.4 MPH) Trent Brown scores
|
Batting: RHB Tom Smythe
|
0-0: Called Strike 0-1: Ball 1-1: Swinging Strike 1-2: Fly out, F8 (Flyball, 8LD, EV 83.1 MPH)
|
Batting: LHB Jon Kelly
|
0-0: Called Strike 0-1: Ball 1-1: Swinging Strike 1-2: Strikes out swinging
|
Top of the 6th over - 1 run, 2 hits, 0 errors, 1 left on base; Hollywood 3 - Athletic Club KC 0 |
BOTTOM OF THE 6TH |
Athletic Club KC batting - Pitching for Hollywood Shredders : RHP Van Hileman
|
Batting: LHB Gary Noke
|
0-0: Ball 1-0: Fly out, F4 (Line Drive, 3D, EV 88.1 MPH)
|
Batting: LHB Arthur Witter
|
0-0: Ball 1-0: Ball 2-0: Foul Ball, location: 2F 2-1: Called Strike 2-2: Ground out 1-3 (Groundball, 34S, EV 70.6 MPH)
|
Batting: LHB Tony Wonder
|
0-0: Ball 1-0: Swinging Strike 1-1: Foul Ball, location: 2F 1-2: SINGLE (Line Drive, 8RS, EV 90.6 MPH)
|
Batting: SHB Tosya Mndoyants
|
0-0: Ball 1-0: Ball 2-0: Called Strike Tony Wonder is caught stealing 2nd base 2-6
|
Bottom of the 6th over - 0 runs, 1 hit, 0 errors, 0 left on base; Hollywood 3 - Athletic Club KC 0 |
TOP OF THE 7TH |
Hollywood Shredders batting - Pitching for Athletic Club KC : RHP Bobby Bowles
|
Batting: LHB Mitsuoki Sugimoto
|
0-0: Called Strike 0-1: Ground out 6-3 (Groundball, 6, EV 80.0 MPH)
|
Batting: RHB Miguel Bustamante
|
0-0: Called Strike 0-1: SINGLE (Groundball, 56D, EV 103.8 MPH) (infield hit)
|
Pitching: LHP Bob Kelso
|
|
Batting: LHB Jorge Herrera
|
0-0: Ball 1-0: Called Strike 1-1: Ball 2-1: Foul Ball, location: 2F 2-2: DOUBLE (Line Drive, 78XD, EV 105.0 MPH) Miguel Bustamante to third Runner from 3rd tries for Home, SAFE, throw by LF to home
|
Batting: LHB Yamato Sato
|
0-0: Ball 1-0: DOUBLE (Flyball, 8LXD, EV 101.9 MPH) Jorge Herrera scores
|
Batting: RHB Jake White
|
0-0: Ground out 6-3 (Groundball, 56, EV 80.6 MPH)
|
Batting: LHB Trent Brown
|
0-0: Ball 1-0: Called Strike 1-1: Swinging Strike 1-2: Strikes out swinging
|
Top of the 7th over - 2 runs, 3 hits, 0 errors, 1 left on base; Hollywood 5 - Athletic Club KC 0 |
BOTTOM OF THE 7TH |
Athletic Club KC batting - Pitching for Hollywood Shredders : RHP Van Hileman
|
Batting: SHB Tosya Mndoyants
|
0-0: Fly out, F8 (Line Drive, 89M, EV 92.5 MPH)
|
Batting: RHB Pedro Píaz
|
0-0: Ball 1-0: Called Strike 1-1: Foul Ball, location: 2F 1-2: Ball 2-2: Fly out, F5 (Popup, 5S, EV 83.8 MPH)
|
Batting: LHB Zhi-jun Ou-yang
|
0-0: Ball 1-0: Foul Ball, location: 2F 1-1: Fly out, F8 (Flyball, 78S, EV 86.9 MPH)
|
Bottom of the 7th over - 0 runs, 0 hits, 0 errors, 0 left on base; Hollywood 5 - Athletic Club KC 0 |
TOP OF THE 8TH |
Hollywood Shredders batting - Pitching for Athletic Club KC : LHP Bob Kelso
|
Batting: RHB Adrián Serrano
|
0-0: DOUBLE (Line Drive, 3D, EV 104.4 MPH)
|
Batting: RHB Tom Smythe
|
0-0: Called Strike 0-1: Ball 1-1: Ball 2-1: Fly out, F8 (Flyball, 8LD, EV 93.1 MPH)
|
Batting: LHB Jon Kelly
|
0-0: Ground out U3 (Groundball, 3, EV 76.2 MPH) Adrián Serrano to third
|
Batting: LHB Mitsuoki Sugimoto
|
0-0: Ball 1-0: Foul Ball, location: 2F 1-1: Ground out 5-3 (Groundball, 56, EV 102.5 MPH)
|
Top of the 8th over - 0 runs, 1 hit, 0 errors, 1 left on base; Hollywood 5 - Athletic Club KC 0 |
BOTTOM OF THE 8TH |
Athletic Club KC batting - Pitching for Hollywood Shredders : RHP Van Hileman
|
Batting: RHB Johan Møller
|
0-0: Ball 1-0: Ball 2-0: Called Strike 2-1: Ball 3-1: Foul Ball, location: 2F 3-2: Foul Ball, location: 2F 3-2: Fly out, F4 (Popup, 4, EV 56.2 MPH)
|
Pitching: RHP Gian-Carlo Maneilli
|
|
Batting: RHB Banu Judham
|
0-0: Fly out, F9 (Line Drive, 9S, EV 88.8 MPH)
|
Batting: LHB Ethan Duffy
|
0-0: Ball 1-0: Ball 2-0: Foul Ball, location: 2F 2-1: Foul Ball, location: 2F 2-2: Strikes out swinging
|
Bottom of the 8th over - 0 runs, 0 hits, 0 errors, 0 left on base; Hollywood 5 - Athletic Club KC 0 |
TOP OF THE 9TH |
Hollywood Shredders batting - Pitching for Athletic Club KC : LHP Bob Kelso
|
Batting: RHB Miguel Bustamante
|
0-0: Ground out 5-3 (Groundball, 56S, EV 89.4 MPH)
|
Pitching: LHP Martin Porter
|
|
Batting: LHB Jorge Herrera
|
0-0: Ball 1-0: Ball 2-0: Ball 3-0: Base on Balls
|
Batting: LHB Yamato Sato
|
0-0: Ball 1-0: Foul Ball, location: 2F 1-1: Called Strike 1-2: Strikes out swinging
|
Batting: RHB Jake White
|
0-0: Swinging Strike 0-1: Ball 1-1: Ball 2-1: Ball 3-1: Fly out, F7 (Flyball, 78M, EV 85.6 MPH)
|
Top of the 9th over - 0 runs, 0 hits, 0 errors, 1 left on base; Hollywood 5 - Athletic Club KC 0 |
BOTTOM OF THE 9TH |
Athletic Club KC batting - Pitching for Hollywood Shredders : RHP Gian-Carlo Maneilli
|
Batting: LHB Gary Noke
|
0-0: Ball 1-0: Ball 2-0: Ball 3-0: Called Strike 3-1: Foul Ball, location: 2F 3-2: Strikes out swinging
|
Batting: LHB Arthur Witter
|
0-0: Called Strike 0-1: Called Strike 0-2: Ball 1-2: Foul Ball, location: 2F 1-2: Strikes out looking
|
Batting: LHB Tony Wonder
|
0-0: Called Strike 0-1: Ball 1-1: Ball 2-1: Foul Ball, location: 2F 2-2: Fly out, F7 (Flyball, 7D, EV 85.6 MPH)
|
Bottom of the 9th over - 0 runs, 0 hits, 0 errors, 0 left on base; Hollywood 5 - Athletic Club KC 0 |
|